 Dungeon Crawl Stone Soup version 0.30-a0-1112-gfb780f5df6 (webtiles) character file.

Game seed: 13916827382864762458

508 kae the Changer (level 6, -2/47 HPs)
             Began as a Draconian Transmuter on Apr 19, 2023.
             Was an Initiate of Ru.
             Slain by an ogre
             ... wielding a +0 giant club
              (19 damage)
             ... on level 5 of the Dungeon.
             The game lasted 00:05:12 (4229 turns).

kae the Changer (Draconian Transmuter)              Turns: 4229, Time: 00:05:12

Health: -2/47      AC:  9    Str: 13    XL:     6   Next: 98%
Magic:  11/11      EV: 12    Int: 15    God:    Ru [......]
Gold:   300        SH:  0    Dex: 17    Spells: 2/12 levels left

rFire   . . .      SeeInvis .      - Unarmed
rCold   . . .      Faith    .    (no shield)
rNeg    . . .      Spirit   .    (body armour unavailable)
rPois   .          Reflect  .    (helmet restricted)
rElec   .          Rampage  .    (no cloak)
rCorr   .                        b - +2 pair of gloves
Will    .....                    (no boots)
Stlth   ++                       (no amulet)
HPRegen 0.27/turn                D - +6 ring of dexterity
MPRegen 0.12/turn                (no ring)

@: no status effects
A: AC +6, unfitting armour, cold-blooded
a: Renounce Religion


You were on level 5 of the Dungeon.
You worshipped Ru.
Ru was noncommittal.
You visited 2 branches of the dungeon, and saw 6 of its levels.

You collected 300 gold pieces.


Innate Abilities, Weirdness & Mutations

Your plain brown scales are hard. (AC +6)
You cannot fit into any form of body armour.
You are cold-blooded and may be slowed by cold attacks.


   Skills:
 - Level 1.1 Fighting
 - Level 1.7 Dodging
 - Level 3.0 Unarmed Combat
 + Level 3.8 Spellcasting
 * Level 5.4 Transmutations
 * Level 2.2 Ice Magic
 - Level 2.5 Poison Magic


You had 2 spell levels left.
You knew the following spells:

 Your Spells              Type           Power      Damage    Failure   Level
a - Beastly Appendage     Tmut           38%        N/A       1%          1
b - Wereblood             Tmut           19%        N/A       3%          2
c - Spider Form           Tmut/Pois      14%        N/A       11%         3
d - Ice Form              Ice/Tmut       14%        N/A       36%         4

Your spell library contained the following spells:

 Spells                   Type           Power      Damage    Failure   Level
 Sting                    Tmut/Pois      56%        1d5       3%          1
 Poisonous Vapours        Pois/Air       12%        N/A       17%         2
 Olgreb's Toxic Radiance  Pois           10%        N/A       54%         4

Inventory:

Missiles
 d - 29 stones
 e - 3 atropa-tipped darts
 l - 6 boomerangs
 r - 6 javelins
Armour
 b - a +2 pair of gloves (worn)
   (You found it on level 2 of the Dungeon)
Magical Staves
 s - a staff of fire {!a}
   (You found it on level 5 of the Dungeon)
Jewellery
 C - a ring of protection from cold
   (You found it on level 4 of the Dungeon)
 D - a +6 ring of dexterity (left hand)
   (You found it on level 3 of the Dungeon)
Wands
 o - a wand of light (3)
   (You found it on level 4 of the Dungeon)
Scrolls
 c - a scroll of brand weapon
 j - a scroll of poison {!r}
 n - a scroll of blinking {!r}
Potions
 a - a potion of lignification {!q}
 f - 2 potions of curing {@q1}
 g - a potion of heal wounds {unknown}
 h - a potion of invisibility {unknown}
 i - a potion of berserk rage {unknown}
 k - 2 potions of might {unknown}
 m - a potion of resistance
 p - a potion of brilliance {unknown}
 q - a potion of mutation {unknown}
 t - a potion of degeneration {unknown}

Dungeon Overview and Level Annotations

Branches:
Dungeon (5/15) Zot: 25995  Temple (1/1) D:4 Zot: 5786

Altars:
Cheibriados
Dithmenos
Fedhas
Gozag
Kikubaaqudgha
Makhleb
Nemelex Xobeh
Okawaru
Ru
Sif Muna
Trog
Uskayaw
Vehumet
Wu Jian
Yredelemnul
Zin
The Shining One

Shops:
D:2 :   D:3 (*:

Annotations:
D:5 Ijyb

#..##.'.. ...?....#
###.##.#.. ........#
#....#.### ........#
#.#....### ........#
#.#......# ........##
#.#..#.... .........
#.####.#..
.......O########......###
......hs@.........#####
######............#
#............#
#............#
##############


You could see a black bear, an ogre and a scorpion.


Message History

The orc barely misses you.
You barely miss the orc. The orc barely misses you.
You hit the orc.
The orc is poisoned.
The orc completely misses you.
You hit the orc.
You kill the orc!
Your transformation is almost over.
Things that are here:
a +0 club; an orc corpse Your transformation has ended.
Your +2 pair of gloves unmelds from your body. 😎 MP[+1] Key pressed, stopping explore.
Unknown command. 😎 MP[+2]
Your mp is fully restored (11).
You open the door.
There is an open door here.
Found a stone staircase leading down.
A scorpion comes into view.
A scorpion is nearby!
A scorpion is nearby!
Casting: Spider Form (dangerous; 12% risk of failure)
Confirm with . or Enter, or press ? or * to list all spells.
The spell is quite dangerous to miscast (38% risk of failure)!
Continue anyway? [Y]es or [N]o only, please.
The spell is quite dangerous to miscast (38% risk of failure)!
Continue anyway?
You turn into a creature of crystalline ice.
Your +2 pair of gloves melds into your body. 😎 HP[+9] MP[-4]
You now have 56 max hp (+9).
Your hp is fully restored (56).
You lost 4 mp, and now have 7/11 mp.
Unknown command.
The scorpion stings you but does no damage.
You barely miss the scorpion. The scorpion stings you.
The scorpion misses you. 😕 HP[-4]
You take 4 damage, and now have 52/56 hp.
The scorpion stings you but does no damage.
You hit the scorpion. You freeze the scorpion.
The scorpion completely misses you.
You hit the scorpion but do no damage. The scorpion stings you. 😕 HP[-3]
You take 3 damage, and now have 49/56 hp.
You barely miss the scorpion. The scorpion closely misses you.
You punch the scorpion! You freeze the scorpion.
You kill the scorpion! 😕 MP[+1] No target in view!
No target in view!
Unknown command. 😕 HP[+1]
t - a bubbling black potion Unknown command.
Your transformation is almost over.
A black bear comes into view. 😎 HP[+6] MP[+3]
Your hp is fully restored (56).
Your mp is fully restored (11).
A black bear is nearby!
Unknown command.
A black bear is nearby!
Unknown command.
A black bear is nearby!
An ogre comes into view. It is wielding a +0 giant club.
The black bear growls angrily.
The ogre shouts!
A scorpion comes into view.
The black bear bites you.
The black bear claws you but does no damage. x2 😕 HP[-5]
You take 5 damage, and now have 51/56 hp.
You punch the black bear! You freeze the black bear.
You warm up again.
Your +2 pair of gloves unmelds from your body.
The black bear bites you.
The black bear claws you but does no damage.
The black bear closely misses you.
You hit the black bear.
Your tail-slap misses the black bear.
The black bear bites you but does no damage.
The black bear claws you but does no damage. x2 😕 HP[-8]
You now have 47 max hp (-9).
Unknown command.
You hit the black bear. The black bear completely misses you.
The black bear misses you. The black bear claws you.
The ogre barely misses you. The scorpion closely misses you.
You hit the black bear. The scorpion completely misses you.
The black bear bites you! The black bear barely misses you.
The black bear claws you. 😮 HP[-12]
You take 12 damage, and now have 31/47 hp.
MASSIVE DAMAGE!! (PAUSE)
The black bear attacks as you move away!
The black bear barely misses you. The black bear closely misses you.
The black bear claws you but does no damage.
The ogre hits you with a +0 giant club!
* * * LOW HITPOINT WARNING * * *
😨 HP[-14]
You take 14 damage, and now have 17/47 hp.
MASSIVE DAMAGE!! (PAUSE)
The ogre attacks as you move away!
The ogre hits you with a +0 giant club!!
You die...

Skill      XL: |  1  2  3  4  5  6 |
---------------+-------------------+-----
Poison Magic   | 1 2 |  2.5
Transmutations | 3 5 |  5.4
Spellcasting   | 3 |  3.8
Ice Magic      | 1 2 |  2.2
Fighting       | |  1.1
Dodging        | |  1.7
Unarmed Combat | |  3.0

Action                     |  1- 3 |  4- 6 || total
---------------------------+-------+-------++-------
  Melee: Unarmed           |   124 |   144 ||   268
         Kick              |    30 |    10 ||    40
         Headbutt          |     9 |     9 ||    18
         Tailslap          |     8 |     7 ||    15
         Punch             |     2 |       ||     2
   Cast: Beastly Appendage |    29 |    12 ||    41
         Spider Form       |       |     8 ||     8
         Wereblood         |       |     2 ||     2
         Ice Form          |       |     3 ||     3
    Use: Scroll            |     4 |     4 ||     8
   Stab: Sleeping          |       |     1 ||     1
 Armour: Skin              |    47 |    47 ||    94
  Dodge: Dodged            |    89 |   106 ||   195

Levels and vault maps discovered:
D:1:      psy_arrival_whirlpool, layout_basic, minmay_misc_feat_chi
D:2:      layout_basic, shapermc_ecumenical_altar_totnotflames,
          nicolae_shop_vocational
D:3:      layout_loops_ring, serial_shops, nicolae_shop_tiny_statue_garden,
          nicolae_shop_scrapyard, nicolae_shop_tiny_real_fake_doors,
          minmay_misc_feat_five, nicolae_eternal_life,
          kennysheep_generic_room_16
D:4:      layout_cave_pools, temple_green, uniq_natasha, uniq_menkaure
D:5:      layout_basic, uniq_blork_the_orc, uniq_ijyb
Temple:   minmay_crystal_spiral_temple

Notes
Turn   | Place    | Note
-------+----------+-------------------------------------------
     0 | D:1      | kae the Draconian Transmuter began the quest for the Orb.
     0 | D:1      | Reached XP level 1. HP: 16/16 MP: 3/3
     0 | D:1      | magus.rc [v1.11.3]
   171 | D:1      | Reached XP level 2. HP: 20/23 MP: 3/5
   176 | D:1      | Reached skill level 1 in Poison Magic
   513 | D:1      | Reached XP level 3. HP: 24/28 MP: 4/6
   530 | D:1      | Learned a level 2 spell: Wereblood
   534 | D:1      | Learned a level 3 spell: Spider Form
   676 | D:1      | You add the spells Sting, Poisonous Vapours and Olgreb's
                  | Toxic Radiance to your library.
   759 | D:2      | Reached skill level 2 in Poison Magic
   841 | D:2      | Reached skill level 3 in Transmutations
   929 | D:2      | Found a faded altar of an unknown god.
  1235 | D:2      | Found Eleot's Vocational Training.
  1594 | D:3      | Reached XP level 4. HP: 32/35 MP: 5/7
  1923 | D:3      | Found Jaeqeimpee's Weapon Boutique.
  2209 | D:3      | Found Touhosuf's General Store.
  2257 | D:3      | Found Biunlown's Book Shoppe.
  2575 | D:4      | Reached XP level 5. HP: 37/40 MP: 9/9
  2608 | D:4      | Noticed a phantom
  2699 | D:4      | Killed a phantom
  2700 | D:4      | Reached skill level 3 in Spellcasting
  2700 | D:4      | Reached skill level 4 in Transmutations
  2898 | D:4      | Noticed Natasha
  2913 | D:4      | Killed Natasha
  3064 | D:4      | Noticed Menkaure
  3090 | D:4      | Learned a level 4 spell: Ice Form
  3349 | D:4      | Killed Menkaure
  3350 | D:4      | Reached skill level 5 in Transmutations
  3350 | D:4      | Reached skill level 1 in Ice Magic
  3350 | D:4      | Reached XP level 6. HP: 29/47 MP: 5/11
  3438 | D:4      | Found a staircase to the Ecumenical Temple.
  3496 | Temple   | Entered the Ecumenical Temple
  3628 | Temple   | Became a worshipper of Ru the Awakened
  3904 | D:5      | Entered Level 5 of the Dungeon
  3904 | D:5      | Noticed Ijyb
  3997 | D:5      | Reached skill level 2 in Ice Magic
  4229 | D:5      | Slain by an ogre

Vanquished Creatures
  Menkaure (D:4)
  A phantom (D:4)
  A scorpion (D:5)
  A hound (D:4)
  An orc priest (D:5)
  Natasha (D:4)
  An orc wizard (D:5)
  4 adders
  A white imp (D:5)
  A worm (D:2)
  3 dart slugs
  8 orcs
  7 ball pythons
  8 endoplasms
  3 giant cockroaches
  6 goblins
  6 hobgoblins
  7 jackals
  8 quokkas
  6 bats
  2 frilled lizards
  7 kobolds
  8 rats
92 creatures vanquished.

Table legend:
 A = Non-vault XP
 B = Vault XP
 C = Vault XP percentage of total XP
 D = Non-vault monster count
 E = Vault monster count
 F = Vault count percentage of total count
                 A         B        C        D         E       F
            +---------+---------+-------+---------+---------+-------
      Total |     515 |     212 |  29.2 |      89 |       3 |   3.3
            +---------+---------+-------+---------+---------+-------
        D:1 |      58 |       0 |   0.0 |      34 |       0 |   0.0
        D:2 |      36 |       0 |   0.0 |      13 |       0 |   0.0
        D:3 |      72 |       2 |   2.7 |      23 |       1 |   4.2
        D:4 |     170 |     210 |  55.3 |      11 |       2 |  15.4
        D:5 |     179 |       0 |   0.0 |       8 |       0 |   0.0
            +---------+---------+-------+---------+---------+-------

Illustrated notes

Table legend:
 A = Kills in this place as a percentage of kills in the entire game.
 B = Kills by you in this place as a percentage of kills by you in the entire game.
 C = Kills by friends in this place as a percentage of kills by friends in the entire game.
 D = Other kills in this place as a percentage of other kills in the entire game.
 E = Experience gained in this place as a percentage of experience gained in the entire game.
 F = Experience gained in this place divided by the number of levels of this place that you have seen.
                   A       B       C       D       E      F
               +-------+-------+-------+-------+-------+----------------------
         Total | 100.0 | 100.0 |   N/A |   N/A | 100.0 | 121.2
       Dungeon | 100.0 | 100.0 |   N/A |   N/A | 100.0 | 145.4
               +-------+-------+-------+-------+-------+----------------------

Table legend: (Time is in decaauts)
 A = Elapsed time spent in this place.
 B = Non-inter-level travel time spent in this place.
 C = Inter-level travel time spent in this place.
 D = Time resting spent in this place.
 E = Time spent auto-exploring this place.
 F = Levels seen in this place.
 G = Mean time per level.
                   A        B        C        D        E       F      G
               +--------+--------+--------+--------+--------+-----+--------+
         Total |   4218 |   4039 |    179 |    326 |   2914 |   6 |  703.0 |
       Dungeon |   4004 |   3906 |     98 |    326 |   2802 |   5 |  800.8 |
        Temple |    213 |    133 |     80 |      0 |    112 |   1 |  213.0 |
               +--------+--------+--------+--------+--------+-----+--------+

Top non-repeatable levels by time:
     D:3: 1283 daAuts
     D:4: 878 daAuts
     D:2: 800 daAuts
     D:1: 719 daAuts
     D:5: 322 daAuts
  Temple: 213 daAuts
